 Dungeon Crawl Stone Soup version 0.28-a0-793-g31680bbd8b (webtiles) character file.

Game seed: 13377136946065519850

45936 ytrimaz the Slicer (level 14, 0/113 HPs)
             Began as a Demonspawn Fighter on Nov 4, 2021.
             Was an Elder of Dithmenos.
             Slain by a freezing wraith (9 damage)
             ... in an ice cave.
             The game lasted 00:30:12 (16624 turns).

ytrimaz the Slicer (Demonspawn Fighter)            Turns: 16624, Time: 00:30:12

Health: 0/113      AC: 25    Str: 27    XL:     14   Next: 3%
Magic:  20/20      EV: 12    Int:  9    God:    Dithmenos [****..]
Gold:   959        SH: 10    Dex: 14    Spells: 13/13 levels left

rFire   . . .      SeeInvis +   a - +7 rapier
rCold   + . .      Faith    .   c - +0 buckler
rNeg    + + +      Spirit   .   r - +1 chain mail of Analysis {rF- rN+++ Regen+}
rPois   .          Reflect  +   D - +2 helmet
rElec   .          Harm     .   A - scarf {rC+ rF+}
rCorr   .          Rampage  .   (no gloves)
Will    +....                   (no boots)
Stlth   ..........              v - amulet of reflection
HPRegen 1.28/turn               e - ring of see invisible
MPRegen 0.17/turn               O - +6 ring of strength

@: sanguine armoured, wreathed by umbra
A: foul stench 2, powered by death 1, sanguine armour 2, demonic touch 2
a: Renounce Religion, Shadow Step


You were in an ice cave.
You worshipped Dithmenos.
Dithmenos was greatly pleased with you.
You visited 2 branches of the dungeon, and saw 15 of its levels.
You also visited: Bailey and Ice Cave.

You collected 959 gold pieces.

Inventory:

Hand Weapons
 a - a +7 rapier (weapon)
 M - a +3 short sword of draining
 U - the +6 morningstar of Urgency {venom, rF+}
   (You found it on level 13 of the Dungeon)

   It poisons the flesh of those it strikes.
   rF:        It protects you from fire.
Armour
 c - a +0 buckler (worn)
 n - a scarf of shadows
 r - the +1 chain mail of Analysis (worn) {rF- rN+++ Regen+}
   (You found it on level 4 of the Dungeon)

   rF:        It makes you vulnerable to fire.
   rN:        It renders you almost immune to negative energy.
   Regen:     It increases your rate of health regeneration.
 y - a +0 kite shield
 A - a scarf of resistance (worn)
 D - a +2 helmet (worn)
 K - the +6 chain mail of Zemac {rPois}
   (You found it on level 7 of the Dungeon)

   rPois:     It protects you from poison.
 Q - the +3 hat of Pondering {ponderous, Will+ MP+10 Int+5}
   (You took it off Gastronok on level 9 of the Dungeon)

   Int:       It affects your intelligence (+5).
   MP:        It affects your magic capacity (+10).
   Will:      It increases your willpower.
Jewellery
 d - an amulet of faith
 e - a ring of see invisible (left hand)
 i - a ring of willpower
 s - a ring of wizardry
 v - an amulet of reflection (around neck)
 J - an amulet of magic regeneration
 O - a +6 ring of strength (right hand)
 T - a +4 ring of protection
Wands
 h - a wand of acid (15)
 m - a wand of mindburst (10)
 G - a wand of polymorph (19)
 I - a wand of digging (9)
 N - a wand of flame (25)
Scrolls
 j - 3 scrolls of amnesia
 o - 4 scrolls of teleportation
 q - 2 scrolls of fear
 t - 4 scrolls of immolation
 w - 5 scrolls of holy word
 x - 3 scrolls of noise
 F - a scroll of enchant armour
 H - 3 scrolls of summoning
 P - 3 scrolls of fog
Potions
 b - a potion of attraction
 f - 8 potions of curing
 g - 2 potions of lignification
 k - 2 potions of flight
 l - a potion of haste
 p - 2 potions of magic
 u - a potion of cancellation
 C - a potion of mutation {unknown}
 E - a potion of experience {unknown}
 R - 2 potions of ambrosia


   Skills:
 * Level 11.5 Fighting
 - Level 14.0 Short Blades
 * Level 11.2 Armour
 * Level 8.2 Dodging
 - Level 4.0 Shields
 * Level 8.2 Invocations


You had 13 spell levels left.
You didn't know any spells.
Your spell library contained the following spells:

 Spells                   Type           Power      Damage    Failure   Level
 Beastly Appendage        Tmut           0%         N/A       86%         1
 Foxfire                  Conj/Fire      0%         2x1d4     86%         1
 Freeze                   Ice            0%         1d3       86%         1
 Slow                     Hex            0%         N/A       86%         1
 Static Discharge         Conj/Air       0%         N/A       95%         2
 Sublimation of Blood     Necr           0%         N/A       95%         2
 Wereblood                Tmut           0%         N/A       95%         2
 Confusing Touch          Hex            0%         N/A       99%         3
 Conjure Flame            Conj/Fire      0%         6-21      99%         3
 Frozen Ramparts          Ice            0%         1d2       99%         3
 Inner Flame              Hex/Fire       0%         N/A       99%         3
 Spider Form              Tmut/Pois      0%         N/A       99%         3
 Stone Arrow              Conj/Erth      0%         3d7       99%         3
 Vampiric Draining        Necr           0%         2d6       99%         3
 Animate Armour           Summ/Erth      0%         N/A       100%        4
 Flame Wave               Conj/Fire      0%         3d3       100%        4
 Hailstorm                Conj/Ice       0%         3d3       100%        4
 Iskenderun's Battlesphe  Conj           0%         2d6       100%        5
 Lightning Bolt           Conj/Air       0%         1d11      100%        5
 Iron Shot                Conj/Erth      0%         9d1       100%        6
 Spellforged Servitor     Conj/Summ      0%         N/A       100%        7
 Summon Hydra             Summ           0%         N/A       100%        7
 Lehudib's Crystal Spear  Conj/Erth      0%         10d2      100%        8
 Maxwell's Capacitive Co  Air            0%         ∞         100%        8


Dungeon Overview and Level Annotations

Branches:
Dungeon (14/15)            Temple (1/1) D:7            Lair (0/6) D:8
    Orc (0/2) D:12         Bailey (visited)           IceCv (1/1)
 Vaults: D:13-14

Altars:
Ashenzari
Cheibriados
Dithmenos
Elyvilon
Fedhas
Gozag
Hepliaklqana
Kikubaaqudgha
Makhleb
Nemelex Xobeh
Okawaru
Qazlal
Ru
Sif Muna
Trog
Uskayaw
Vehumet
Wu Jian
Xom
Yredelemnul
Zin
The Shining One

Shops:
D:8 [   D:11 *

Annotations:
D:9 exclusion: 2 oklob saplings


Innate Abilities, Weirdness & Mutations

You sometimes emit foul miasma when damaged in melee.
You regenerate a little health from kills.
When seriously injured, your bleeding wounds create thick armour. (AC +9)
Your touch may inflict irresistible damage on your foes.


Message History

The entropy weaver simulacrum is heavily damaged.
Your shadow closely misses the entropy weaver simulacrum.
The entropy weaver simulacrum hits you but does no damage. x3
The entropy weaver simulacrum hits you.
The entropy weaver simulacrum freezes you!!
You resist.
The freezing wraith hits you but does no damage.
You block the freezing wraith's attack.
Unknown command.
You puncture the entropy weaver simulacrum!
The entropy weaver simulacrum is severely damaged.
You barely miss the freezing wraith.
You block the entropy weaver simulacrum's attack.
The entropy weaver simulacrum hits you.
The entropy weaver simulacrum freezes you!
You resist.
Your blood congeals into armour.
The entropy weaver simulacrum hits you!
The entropy weaver simulacrum freezes you!!
You resist.
You emit a cloud of foul miasma!
You block the entropy weaver simulacrum's attack.
The freezing wraith hits you! The freezing wraith freezes you. You resist.
* * * LOW HITPOINT WARNING * * *
The freezing wraith hits you but does no damage.
You hit the freezing wraith.
The freezing wraith is lightly damaged.
You hit the freezing wraith but do no damage.
The freezing wraith is lightly damaged.
Your shadow closely misses the freezing wraith.
The entropy weaver simulacrum barely misses you.
The entropy weaver simulacrum hits you.
* * * LOW HITPOINT WARNING * * *
The entropy weaver simulacrum freezes you!
You resist.
* * * LOW HITPOINT WARNING * * *
The entropy weaver simulacrum barely misses you.
The entropy weaver simulacrum closely misses you.
The freezing wraith hits you!
* * * LOW HITPOINT WARNING * * *
The freezing wraith freezes you! You resist.
You die...

#.......⌠.......
#...............
#...............
#.............#
#.............#
...........#
#.....# #WZ.#
##.@.# #...##
#...## ##...#
##...##
##.....##
#...∩...#
#...∩...#
##.....##


You could see a freezing wraith and an entropy weaver simulacrum.

Vanquished Creatures
  Gastronok (D:9)
  An ettin (D:13)
  Fannar (D:10)
  3 hydras
  5 boulder beetles
  Harold (D:7)
  A catoblepas (D:13)
  5 two-headed ogres
  4 centaur warriors
  A tengu warrior (D:12)
  Pikel (D:9)
  3 orc knights (Bailey)
  4 deep elf pyromancers
  10 ugly things
  3 manticores
  8 cyclopes
  Maurice (D:8)
  An unseen horror (D:13)
  Psyche (D:9)
  Maggie (D:9)
  4 efreet
  2 komodo dragons
  An entropy weaver simulacrum (IceCv)
  A freezing wraith (IceCv)
  A jumping spider (shapeshifter) (D:13)
  5 trolls
  Grinder (D:6)
  8 slime creatures
  Prince Ribbit (D:6)
  A hornet (D:9)
  2 shadows
  18 yaks
  A vampire (D:8)
  Eustachio (D:6)
  6 vampire mosquitoes
  A minotaur simulacrum (IceCv)
  Menkaure (D:6)
  Edmund (D:6)
  5 water moccasins
  Duvessa (D:7)
  19 orc warriors
  An ice beast (D:7)
  2 sky beasts (D:6)
  A swamp drake (D:12)
  6 ogres
  5 necrophages
  10 centaurs
  3 bullfrogs
  A scorpion (D:9)
  Dowan (D:7)
  A wyvern zombie (D:8)
  5 gnoll sergeants
  A water moccasin skeleton (D:4)
  6 killer bees (D:7)
  5 wights
  12 howler monkeys
  2 jellies (D:4)
  2 bullfrog skeletons
  3 centaur zombies
  3 hounds (D:5)
  Crazy Yiuf (D:7)
  4 orc priests
  A centaur skeleton (D:6)
  A gnoll shaman (D:9)
  3 iguanas
  A scorpion zombie (D:5)
  16 orc wizards
  2 killer bee zombies
  A hound zombie (D:5)
  4 howler monkey zombies
  21 gnolls
  16 adders
  A shadow imp (D:5)
  A white imp (D:7)
  An ufetubus (D:4)
  2 adder skeletons
  3 worms
  5 dart slugs
  65 orcs
  12 ball pythons
  7 endoplasms
  4 giant cockroaches
  15 goblins
  9 hobgoblins
  2 jackals (D:9)
  5 quokkas
  7 bats
  A frilled lizard (D:3)
  8 kobolds
  2 rats
428 creatures vanquished.

Vanquished Creatures (others)
  A fire giant (D:13)
  A manticore (D:13)
  An unseen horror (D:13)
  A centaur (D:12)
  A ball python (D:9)
  A bush (D:9)
  11 plants
17 creatures vanquished.

Grand Total: 445 creatures vanquished

Notes
Turn   | Place    | Note
-------+----------+-------------------------------------------
     0 | D:1      | ytrimaz the Demonspawn Fighter began the quest for the Orb.
     0 | D:1      | Reached XP level 1. HP: 18/18 MP: 1/1
   241 | D:1      | Reached skill level 2 in Short Blades
   241 | D:1      | Gained mutation: You may rarely emit foul miasma when
                  | damaged in melee. [demonic ancestry]
   241 | D:1      | Reached XP level 2. HP: 23/24 MP: 2/2
   770 | D:1      | Gained mutation: When seriously injured, your bleeding
                  | wounds create armour. (AC +9) [demonic ancestry]
   770 | D:1      | Reached XP level 3. HP: 29/29 MP: 3/3
  1363 | D:2      | Reached skill level 1 in Dodging
  1384 | D:2      | Found an ancient bone altar of Kikubaaqudgha.
  1778 | D:2      | Reached XP level 4. HP: 22/35 MP: 4/4
  2462 | D:3      | Reached skill level 3 in Short Blades
  2704 | D:3      | HP: 1/35 [adder (1)]
  2705 | D:3      | Reached XP level 5. HP: 1/41 MP: 5/5
  3580 | D:4      | Identified the +1 chain mail of Analysis {rF- rN+++ Regen+}
  4054 | D:4      | Reached skill level 4 in Short Blades
  4153 | D:4      | Reached XP level 6. HP: 47/47 MP: 6/6
  4759 | D:4      | Reached skill level 5 in Short Blades
  5190 | D:4      | HP: 2/47 [acid (2)]
  5208 | D:4      | Gained mutation: You sometimes emit foul miasma when
                  | damaged in melee. [demonic ancestry]
  5208 | D:4      | Reached XP level 7. HP: 5/52 MP: 7/7
  5564 | D:5      | Entered Level 5 of the Dungeon
  6697 | D:6      | Noticed Prince Ribbit
  6722 | D:6      | Killed Prince Ribbit
  6723 | D:6      | Reached skill level 6 in Short Blades
  6752 | D:6      | Reached XP level 8. HP: 28/60 MP: 8/8
  6813 | D:6      | Noticed Menkaure
  6821 | D:6      | Killed Menkaure
  6966 | D:6      | Reached skill level 7 in Short Blades
  7048 | D:6      | Noticed Grinder
  7053 | D:6      | Paralysed by Grinder for 3 turns
  7145 | D:6      | Paralysed by Grinder for 2 turns
  7150 | D:6      | Killed Grinder
  7151 | D:6      | Reached skill level 8 in Short Blades
  7199 | D:6      | Gained mutation: When seriously injured, your bleeding
                  | wounds create thick armour. (AC +9) [demonic ancestry]
  7199 | D:6      | Reached XP level 9. HP: 64/66 MP: 9/9
  7257 | D:6      | Noticed Eustachio
  7277 | D:6      | Killed Eustachio
  7278 | D:6      | Reached skill level 5 in Armour
  7365 | D:6      | Noticed Edmund
  7380 | D:6      | Killed Edmund
  8135 | D:7      | Reached skill level 5 in Fighting
  8135 | D:7      | Reached skill level 9 in Short Blades
  8161 | D:7      | Found a flagged portal.
  8186 | D:7      | Identified the +6 chain mail of Zemac {rPois}
  8207 | D:7      | Noticed Dowan
  8208 | D:7      | Noticed Harold
  8208 | D:7      | Noticed Duvessa
  8224 | Bailey   | Entered a bailey
  8433 | Bailey   | Noticed an orc knight
  8433 | Bailey   | Noticed an orc knight
  8433 | Bailey   | Noticed an orc knight
  8458 | Bailey   | Killed an orc knight
  8470 | Bailey   | Killed an orc knight
  8471 | Bailey   | Reached skill level 10 in Short Blades
  8471 | Bailey   | Reached skill level 5 in Dodging
  8471 | Bailey   | Reached XP level 10. HP: 34/75 MP: 10/10
  8473 | Bailey   | Killed an orc knight
  8665 | D:7      | Killed Harold
  8717 | D:7      | Reached skill level 11 in Short Blades
  8734 | D:7      | Killed Duvessa
  8740 | D:7      | Killed Dowan
  8761 | D:7      | Found a runed translucent door.
  8762 | D:7      | Noticed Crazy Yiuf
  8796 | D:7      | Found a staircase to the Ecumenical Temple.
  9095 | D:7      | Killed Crazy Yiuf
  9100 | D:7      | Identified the +4 mace of Trial by Ordeal {vorpal, MP+9
                  | Int+3}
  9165 | Temple   | Entered the Ecumenical Temple
  9477 | Temple   | Became a worshipper of Dithmenos the Shadowed
  9559 | D:8      | Noticed a two-headed ogre
  9575 | D:8      | Killed a two-headed ogre
  9576 | D:8      | Reached skill level 1 in Invocations
  9603 | D:8      | Found Oqibat's Armour Boutique.
  9882 | D:8      | Gained mutation: Your touch may inflict minor irresistible
                  | damage on your foes. [demonic ancestry]
  9882 | D:8      | Reached XP level 11. HP: 83/83 MP: 12/12
 10088 | D:8      | Found a staircase to the Lair.
 10178 | D:8      | Noticed Maurice
 10204 | D:8      | Killed Maurice
 10468 | D:9      | Noticed Maggie
 10486 | D:9      | Killed Maggie
 10657 | D:8      | Reached * piety under Dithmenos
 10882 | D:9      | Noticed Pikel
 10902 | D:9      | Killed Pikel
 10973 | D:9      | Reached skill level 12 in Short Blades
 11219 | D:9      | Reached ** piety under Dithmenos
 11277 | D:9      | Noticed Gastronok
 11303 | D:9      | Killed Gastronok
 11311 | D:9      | Noticed Psyche
 11356 | D:9      | Killed Psyche
 11507 | D:10     | Entered Level 10 of the Dungeon
 11519 | D:10     | Noticed a two-headed ogre
 11530 | D:10     | Killed a two-headed ogre
 11711 | D:10     | Noticed Fannar
 11747 | D:10     | Killed Fannar
 12098 | D:10     | Gained mutation: You regenerate a little health from kills.
                  | [demonic ancestry]
 12098 | D:10     | Reached XP level 12. HP: 68/92 MP: 15/15
 12446 | D:11     | Noticed a two-headed ogre
 12454 | D:11     | Killed a two-headed ogre
 12495 | D:11     | Reached skill level 13 in Short Blades
 12632 | D:11     | Found Imetoh's General Store.
 12659 | D:11     | Reached skill level 5 in Invocations
 13038 | D:12     | Noticed a boulder beetle
 13106 | D:12     | Noticed a five-headed hydra
 13109 | D:12     | Killed a boulder beetle
 13257 | D:12     | Noticed a two-headed ogre
 13273 | D:12     | Killed a two-headed ogre
 13371 | D:12     | Reached *** piety under Dithmenos
 13453 | D:12     | Found a staircase to the Orcish Mines.
 13619 | D:12     | Killed a five-headed hydra
 13756 | D:12     | Noticed a two-headed ogre
 13764 | D:12     | Killed a two-headed ogre
 14149 | D:13     | Noticed a centaur warrior
 14149 | D:13     | Noticed a boulder beetle
 14158 | D:13     | Killed a centaur warrior
 14472 | D:13     | Reached XP level 13. HP: 101/101 MP: 17/17
 14489 | D:13     | Reached skill level 14 in Short Blades
 14843 | D:13     | Reached **** piety under Dithmenos
 14859 | D:13     | Noticed a fire giant
 14939 | D:13     | Identified the +6 morningstar of Urgency {venom, rF+}
 15038 | D:13     | Noticed an ettin
 15065 | D:13     | Reached skill level 10 in Fighting
 15101 | D:12     | Reached skill level 10 in Armour
 15583 | D:13     | Killed a fire giant
 15716 | D:13     | Killed an ettin
 16489 | D:14     | Gained mutation: Your touch may inflict irresistible damage
                  | on your foes. [demonic ancestry]
 16489 | D:14     | Reached XP level 14. HP: 74/113 MP: 20/20
 16520 | D:14     | Found a frozen archway.
 16524 | IceCv    | Entered an ice cave
 16624 | IceCv    | Slain by a freezing wraith

Illustrated notes

Levels and vault maps discovered:
D:1:      minmay_arrival_loop, layout_basic
D:2:      layout_basic, basic_altar, minmay_pentomino_r4
D:3:      layout_rooms
D:4:      layout_loops_corners, minmay_pentangle
D:5:      layout_gridville
D:6:      layout_basic, minivault_22, uniq_eustachio, uniq_menkaure,
          uniq_grinder, uniq_edmund, uniq_prince_ribbit1
D:7:      layout_basic, minmay_temple_entry_trees, enter_bailey_5,
          uniq_crazy_yiuf_cottage, uniq_harold, uniq_duvessa
D:8:      layout_loops_ring, david_lair_shrubbed, serial_shops,
          nicolae_diamond_shop, minmay_tree_intersection, uniq_maurice
D:9:      layout_cave_pools, serial_undead, serial_undead_c, serial_undead_c,
          serial_undead_f, serial_undead_e, introduction_to_nature_2,
          uniq_pikel, uniq_psyche, uniq_gastronok, uniq_maggie
D:10:     layout_grid_maze, mainiacjoe_overflow_24_doors, uniq_fannar
D:11:     layout_basic, serial_shops, nicolae_shop_statue_plus
D:12:     layout_basic, erik_orc_1
D:13:     cheibrodos_ideogram_h, layout_cave_pools,
          minmay_checkered_concentric_circles
D:14:     layout_grid_maze, skrybe_vaults_entry_preservation,
          portal_ice_cave_entry_pillars_four, serial_glass, glass_columns_b,
          glass_columns_c, uniq_snorg
Temple:   nicolae_temple_the_god_donut
IceCv:    ice_cave_tombish

Skill      XL: |  1  2  3  4  5  6  7  8  9 10 11 12 13 |
---------------+----------------------------------------+-----
Short Blades   | 2 3 4 5 6 8 10 11 12 13 14 | 14.0
Armour         | 3 4 5 6 8 9 11 | 11.2
Dodging        | 1 2 3 5 6 7 8 |  8.2
Shields        | 3 4 |  4.0
Fighting       | 4 5 6 7 9 11 | 11.5
Invocations    | 1 4 6 8 |  8.2

Action                   |  1- 3 |  4- 6 |  7- 9 | 10-12 | 13-15 || total
-------------------------+-------+-------+-------+-------+-------++-------
Melee: Rapier            |   131 |   271 |   482 |  1015 |   444 ||  2343
       Unarmed           |       |       |       |    46 |       ||    46
Evoke: Wand              |       |       |    12 |       |     1 ||    13
  Use: Scroll            |     3 |     6 |    11 |    14 |     2 ||    36
       Potion            |       |     2 |     2 |     7 |     6 ||    17
 Stab: Confused          |       |       |       |     4 |       ||     4
       Invisible         |       |       |       |       |     3 ||     3
Armor: Scale mail        |    54 |   113 |    14 |       |       ||   181
       Chain mail        |       |       |   142 |   275 |   145 ||   562
       Skin              |       |       |       |     1 |       ||     1
Dodge: Dodged            |    78 |   114 |   132 |   364 |   127 ||   815
Block: Buckler           |    35 |    74 |   213 |   391 |   155 ||   868
       Reflection        |       |       |     9 |    12 |    18 ||    39
       Other             |       |       |       |    12 |       ||    12

Table legend: (Time is in decaauts)
 A = Elapsed time spent in this place.
 B = Non-inter-level travel time spent in this place.
 C = Inter-level travel time spent in this place.
 D = Time resting spent in this place.
 E = Time spent auto-exploring this place.
 F = Levels seen in this place.
 G = Mean time per level.
                   A        B        C        D        E       F      G
               +--------+--------+--------+--------+--------+-----+--------+
         Total |  15904 |  15367 |    537 |   1975 |   9374 |  17 |  935.5 |
       Dungeon |  15155 |  14628 |    527 |   1830 |   9120 |  14 | 1082.5 |
        Temple |    323 |    313 |     10 |      0 |    220 |   1 |  323.0 |
        Bailey |    337 |    337 |      0 |    114 |      0 |   1 |  337.0 |
      Ice Cave |     87 |     87 |      0 |     31 |     34 |   1 |   87.0 |
               +--------+--------+--------+--------+--------+-----+--------+

Top non-repeatable levels by time:
     D:4: 2031 daAuts
    D:12: 1521 daAuts
     D:6: 1354 daAuts
     D:1: 1348 daAuts
    D:13: 1288 daAuts
     D:3: 1136 daAuts
     D:5: 1126 daAuts
     D:2: 1072 daAuts
     D:8: 1004 daAuts
    D:10: 879 daAuts
     D:9: 852 daAuts
     D:7: 661 daAuts
    D:11: 580 daAuts
  Bailey: 337 daAuts
  Temple: 323 daAuts
